 Dungeon Crawl Stone Soup version 0.18.1-48-g4cf74bf (webtiles) character file.

1278 kobby the Skirmisher (level 8, -5/68 HPs)
             Began as a Centaur Fighter on July 2, 2016.
             Was a Believer of the Shining One.
             Slain by a wyvern (12 damage)
             ... on level 8 of the Dungeon.
             The game lasted 00:22:10 (6781 turns).

kobby the Skirmisher (Centaur Fighter)              Turns: 6781, Time: 00:22:10

Health: -5/68      AC: 10    Str: 21    XL:     8   Next: 29%
Magic:  8/8        EV:  5    Int:  7    God:    the Shining One [**....]
Gold:   362        SH: 11    Dex: 12    Spells: 0 memorised, 7 levels left

rFire  . . .     SeeInvis .     C - +2 flail (holy)
rCold  . . .     Gourm    .     j - +0 chain mail
rNeg   + . .     Faith    .     c - +2 shield
rPois  +         Spirit   .     (no helmet)
rElec  .         Dismiss  .     p - +0 cloak
rCorr  .         Reflect  .     q - +0 pair of gloves
SustAt .         Harm     .     (no barding)
MR     .....                    (no amulet)
Stlth  ..........               n - +3 ring of dexterity
                                y - ring of poison resistance

@: very slightly contaminated, glowing, very quick, not resistant to hostile
enchantments, extremely unstealthy
A: hooves 3, deformed body, speed 2, tough skin 3
a: Divine Shield, Renounce Religion


You were on level 8 of the Dungeon.
You worshipped the Shining One.
The Shining One was pleased with you.
You were not hungry.

You visited 1 branch of the dungeon, and saw 8 of its levels.

You collected 362 gold pieces.

Inventory:

Hand Weapons
 a - a +0 long sword
 u - a +2 falchion of freezing
 A - a cursed +2 scimitar
 C - a +2 flail of holy wrath (weapon)
Armour
 c - a +2 shield (worn)
 j - a +0 chain mail (worn)
 p - a +0 cloak (worn)
 q - a +0 pair of gloves (worn)
Jewellery
 d - an uncursed ring of stealth {unknown}
 i - an uncursed ring of loudness
 n - a +3 ring of dexterity (right hand)
 y - a ring of poison resistance (left hand)
Wands
 m - a wand of iceblast (3/15)
Scrolls
 s - 2 scrolls of teleportation
 t - 3 scrolls of amnesia
 v - a scroll of fog
 w - 2 scrolls of remove curse
Potions
 e - a potion of magic {unknown}
 l - 3 potions of agility {unknown}
 o - 5 potions of degeneration {unknown}
 x - a potion of brilliance {unknown}
Books
 z - a book of Summonings

   Spells                             Type                      Level
   a - Recall                         Summoning/Translocation      3
   b - Aura of Abjuration             Summoning                    5
   c - Summon Demon                   Summoning                    5
   d - Summon Forest                  Summoning/Translocation      5
   e - Summon Mana Viper              Hexes/Summoning              5
   f - Shadow Creatures               Summoning                    6
Comestibles
 f - 7 bread rations
 g - 3 beef jerkies
 h - 4 fruits


   Skills:
 + Level 5.3 Fighting
 + Level 4.5 Long Blades
 + Level 0.3 Maces & Flails
   Level 0.5 Polearms
 + Level 4.3 Armour
 + Level 2.2 Dodging
 + Level 0.3 Stealth
 + Level 4.0 Shields


You had 7 spell levels left.
You didn't know any spells.

Dungeon Overview and Level Annotations

Branches:
Dungeon (8/15)             Temple (0/1) D:6
   Lair: D:8-11

Altars:
Ashenzari
Elyvilon
Gozag
Okawaru
Pakellas
Sif Muna
Trog
Vehumet
Yredelemnul
Zin
The Shining One

Shops:
D:6 }

Annotations:
D:6 exclusion: statue
D:7 dvd's ghost, novice GrFi


Innate Abilities, Weirdness & Mutations

You have hooves in place of feet.
Armour fits poorly on your strangely shaped body.
You cover ground very quickly.
You have extremely tough skin (AC +3).


Message History

You block the wyvern's attack.
Drink which item? (? for menu, Esc to quit)
Okay, then.
Read which item? (? for menu, Esc to quit)
Blink to where?
Press: ? - help, Dir - move target cursor You are very lightly contaminated with residual magic.
As you read the scroll of blinking, it crumbles to dust.
Evoke which item? (* to show all) (? for menu, Esc to quit)
Zapping:
m - a wand of iceblast (will waste charges)
Press: ? - help, Shift-Dir - straight line, f - wyvern
Aim: a wyvern (heavily wounded, haloed)
The mass of ice explodes!
The iceblast engulfs the wyvern.
The wyvern is severely wounded.
Evoking this partially-identified wand wasted a few charges.
You hear a shout! x3
You closely miss the wyvern. Your kick misses the wyvern.
The wyvern is severely wounded.
You block the wyvern's attack. The wyvern bites you!
You die...

### ... .. .
#########.#........
.......@...........##
##.####l#.##.........
#.#.......#...#
#.#............
###.#..#.#......#
#...............#
#.#.#...)#......#
#.#......<....... #
#.##...)...#.##


You could see a wyvern.

Vanquished Creatures
  A phantom (D:4)
  A centaur (D:6)
  A giant frog (D:6)
  A big kobold (D:8)
  2 scorpions
  5 wights (D:6)
  A howler monkey (D:5)
  A crimson imp (D:6)
  2 orc wizards
  A gnoll shaman (D:4)
  3 giant frog skeletons
  4 iguanas
  A worker ant (D:4)
  9 gnolls
  2 worker ant zombies (D:5)
  5 adders
  2 shadow imps
  An ooze (D:1)
  An adder zombie (D:5)
  4 worms
  2 dart slugs
  7 giant geckos
  11 orcs
  3 giant cockroaches
  7 goblins
  9 hobgoblins
  7 jackals
  8 kobolds
  2 quokkas
  4 ball pythons
  12 bats
  2 giant newts (D:1)
  2 gnoll zombies (D:3)
  A jackal skeleton (D:4)
  3 rats
128 creatures vanquished.

Vanquished Creatures (others)
  A centaur (D:5)
  A scorpion (D:5)
  An orc (D:5)
3 creatures vanquished.

Grand Total: 131 creatures vanquished

Notes
Turn   | Place    | Note
--------------------------------------------------------------
     0 | D:1      | kobby the Centaur Fighter began the quest for the Orb.
     0 | D:1      | Reached XP level 1. HP: 19/19 MP: 1/1
   343 | D:1      | Reached XP level 2. HP: 26/26 MP: 2/2
   712 | D:1      | Found a glowing golden altar of the Shining One.
   722 | D:1      | Became a worshipper of the Shining One
  1017 | D:1      | Reached XP level 3. HP: 31/31 MP: 3/3
  1366 | D:2      | Reached skill level 1 in Dodging
  1366 | D:2      | Reached XP level 4. HP: 24/38 MP: 4/4
  1616 | D:2      | Found a white marble altar of Elyvilon.
  1808 | D:2      | Found a bloodstained altar of Trog.
  1808 | D:2      | Found an iron altar of Okawaru.
  2369 | D:3      | Found a deep blue altar of Sif Muna.
  2634 | D:3      | Reached XP level 5. HP: 29/45 MP: 5/5
  2742 | D:3      | Found a shattered altar of Ashenzari.
  2785 | D:3      | Reached * piety under the Shining One
  3050 | D:3      | Found a basalt altar of Yredelemnul.
  3258 | D:4      | Found a glowing silver altar of Zin.
  3305 | D:4      | Noticed a phantom
  3368 | D:4      | Killed a phantom
  3368 | D:4      | Reached XP level 6. HP: 35/52 MP: 6/6
  3690 | D:4      | Reached skill level 4 in Fighting
  3911 | D:5      | Entered Level 5 of the Dungeon
  4097 | D:5      | Reached XP level 7. HP: 56/59 MP: 7/7
  4146 | D:5      | Reached ** piety under the Shining One
  4893 | D:6      | Found an opulent altar of Gozag.
  5196 | D:6      | Found a staircase to the Ecumenical Temple.
  5292 | D:6      | Reached skill level 5 in Fighting
  5326 | D:6      | Reached XP level 8. HP: 46/68 MP: 8/8
  5484 | D:6      | Found a radiant altar of Vehumet.
  5511 | D:6      | Found an oddly glowing altar of Pakellas.
  5511 | D:6      | Found Pakellas's Prime Provisions.
  5862 | D:7      | Noticed dvd's ghost (novice GrFi)
  5900 | D:7      | The Shining One protects you from harm!
  6781 | D:8      | Slain by a wyvern

Skill      XL: |  1  2  3  4  5  6  7  8 |
---------------+-------------------------+-----
Long Blades    | 2 3 4 |  4.5
Dodging        | 1 2 |  2.2
Armour         | 3 4 |  4.3
Shields        | 3 4 |  4.0
Fighting       | 4 5 |  5.3
Maces & Flails | |  0.3
Polearms       | |  0.5
Stealth        | |  0.3

Action                   |  1- 3 |  4- 6 |  7- 9 || total
-------------------------+-------+-------+-------++-------
Melee: Long sword        |    98 |   154 |    40 ||   292
       Kick              |    22 |    39 |    37 ||    98
       Dagger            |    13 |       |       ||    13
       Spear             |       |    35 |       ||    35
       Falchion          |       |       |    40 ||    40
       Flail             |       |       |    52 ||    52
Invok: Divine Shield     |       |       |     1 ||     1
Evoke: Wand              |       |       |     1 ||     1
  Use: Scroll            |     3 |     7 |     5 ||    15
       Potion            |       |     1 |     3 ||     4
  Eat: Chunk             |     1 |       |       ||     1
       Meat ration       |       |     1 |     1 ||     2
       Royal jelly       |       |     1 |       ||     1
       Pizza             |       |       |     1 ||     1
       Beef jerky        |       |       |     1 ||     1
Armor: Scale mail        |    52 |       |       ||    52
       Chain mail        |    37 |   107 |    57 ||   201
Dodge: Dodged            |    25 |    35 |    25 ||    85
Block: Shield            |    52 |    86 |    83 ||   221
